 Dungeon Crawl Stone Soup version 0.31.0-12-g77e489cdc1 (webtiles) character file.

Game seed: 8068173241219557539

131669 Peloso the Peltast (level 16, -3/152 HPs)
             Began as a Minotaur Fighter on Feb 25, 2024.
             Was a High Priest of Okawaru.
             Slain by a culicivora simulacrum (9 damage)
             ... on level 2 of the Spider Nest on Feb 26, 2024.
             The game lasted 01:15:40 (35553 turns).

Peloso the Peltast (Minotaur Fighter)              Turns: 35553, Time: 01:15:41

Health: -3/152     AC: 23    Str: 22 (23) XL:     16   Next: 55%
Magic:  0/15       EV:  8    Int:  4 (5)  God:    Okawaru [*****.]
Gold:   3361       SH: 23    Dex: 15 (16) Spells: 15/15 levels left

rFire   + . .        a - +11 Singing Sword {sonic wave}
rCold   + . .        d - +2 tower shield {rC+}
rNeg    . . .        y - +0 plate armour
rPois   .            (helmet restricted)
rElec   .            v - +0 cloak {rCorr}
rCorr   +            R - +2 pair of gloves
SInv    .            (no boots)
Will    +....        (no amulet) Stlth
                     B - ring of protection from fire
HPRegen 0.45/turn    p - ring of resist corrosion
MPRegen 0.14/turn

%: no passive effects
@: lethally poisoned (-3 -> -9), hasted, studying Summonings, very quick
A: horns 2, retaliatory headbutt
a: Renounce Religion, Heroism, Finesse, Duel


You were on level 2 of the Spider Nest.
You worshipped Okawaru.
Okawaru was extremely pleased with you.
You visited 5 branches of the dungeon, and saw 25 of its levels.
You also visited: Sewer, Gauntlet, Ice Cave and Volcano.

You collected 3439 gold pieces.
You spent 78 gold pieces at shops.

Inventory:

Hand Weapons
 a - the +11 Singing Sword (weapon) {sonic wave}
   (You found it on level 9 of the Dungeon)
 b - the +8 long sword of the Teaching Saviour {heavy, Int-3 Dex+3 SInv}
   (You found it on level 8 of the Dungeon)

   Int-3:     It affects your intelligence (-3).
   Dex+3:     It affects your dexterity (+3).
   SInv:      It lets you see invisible.
 c - a +4 scimitar of flaming
Armour
 d - a +2 tower shield of cold resistance (worn)
 v - a +0 cloak of preservation (worn)
 y - a +0 plate armour (worn)
 R - a +2 pair of gloves (worn)
Jewellery
 i - a ring of protection from cold
 m - a ring of poison resistance
 p - a ring of resist corrosion (right hand)
 B - a ring of protection from fire (left hand)
Wands
 L - a wand of digging (4)
Scrolls
 f - 9 scrolls of teleportation
 g - a scroll of acquirement
 h - 3 scrolls of revelation
 o - a scroll of amnesia {unknown}
 q - 3 scrolls of immolation
 C - 5 scrolls of fear
 K - a scroll of blinking
Potions
 k - 3 potions of might
 l - 2 potions of enlightenment
 A - 3 potions of haste
 D - a potion of brilliance {unknown}
 E - a potion of ambrosia {unknown}
 H - 4 potions of curing
 N - 3 potions of berserk rage {unknown}
 T - 3 potions of invisibility {unknown}
 U - a potion of cancellation {unknown}
 W - a potion of resistance {unknown}


   Skills:
 + Level 16.5 Fighting
 + Level 18.6 Long Blades
 + Level 17.2 Armour
 + Level 4.3 Dodging
 + Level 2.2 Stealth
 + Level 19.7 Shields
 + Level 0.4 Unarmed Combat
 + Level 1.1 Invocations
 + Level 1.5 Evocations


You had 15 spell levels left.
You didn't know any spells.
Your spell library contained the following spells:

 Spells                   Type           Power      Damage    Failure   Level
 Apportation              Tloc           0%         N/A       100%        1
 Freeze                   Ice            0%         1d3       100%        1
 Necrotise                Necr           0%         1d4       100%        1
 Sting                    Conj/Alch      0%         1d3       100%        1
 Frozen Ramparts          Ice            0%         1d1       100%        3
 Fugue of the Fallen      Necr           0%         N/A       100%        3
 Gell's Gravitas          Tloc           0%         N/A       100%        3
 Hailstorm                Conj/Ice       0%         3d5       100%        3
 Inner Flame              Hex/Fire       0%         N/A       100%        3
 Ozocubu's Armour         Ice            0%         N/A       100%        3
 Stone Arrow              Conj/Erth      0%         3d7       100%        3
 Volatile Blastmotes      Fire/Tloc      0%         2d10      100%        3
 Anguish                  Hex/Necr       0%         N/A       100%        4
 Brom's Barrelling Bould  Conj/Erth      0%         2d3       100%        4
 Cause Fear               Hex            0%         N/A       100%        4
 Fulminant Prism          Conj/Alch      0%         3d5       100%        4
 Iskenderun's Mystic Bla  Conj/Tloc      0%         2d3       100%        4
 Manifold Assault         Tloc           0%         N/A       100%        4
 Fireball                 Conj/Fire      0%         3d3       100%        5
 Irradiate                Conj/Alch      0%         3d11      100%        5
 Iskenderun's Battlesphe  Conj           0%         2d6       100%        5
 Lee's Rapid Deconstruct  Erth           0%         3d4*      100%        5
 Conjure Ball Lightning   Conj/Air       0%         3x3d6     100%        6
 Enfeeble                 Hex            0%         N/A       100%        7
 Orb of Destruction       Conj           0%         9d5       100%        7
 Borgnjor's Revivificati  Necr           0%         N/A       100%        8
 Disjunction              Tloc           0%         N/A       100%        8
 Ignition                 Fire           0%         3d3       100%        8
 Lehudib's Crystal Spear  Conj/Erth      0%         10d2      100%        8
 Death's Door             Necr           0%         N/A       100%        9
 Summon Small Mammal      Summ           Unusable   N/A       N/A         1
 Animate Armour           Summ/Erth      Unusable   N/A       N/A         4
 Summon Lightning Spire   Summ/Air       Unusable   N/A       N/A         4
 Summon Forest            Summ/Tloc      Unusable   N/A       N/A         5
 Haunt                    Necr/Summ      Unusable   N/A       N/A         7
 Dragon's Call            Summ           Unusable   N/A       N/A         9

Dungeon Overview and Level Annotations

Branches:
Dungeon (15/15)            Temple (1/1) D:4            Lair (5/5) D:10
 Shoals (0/4) Lair:2       Spider (2/4) Lair:3        Slime (0/5) Lair:4
    Orc (2/2) D:12            Elf (0/3) Orc:2        Vaults (0/5) D:13
 Depths (0/4) D:15          Sewer (visited)           IceCv (visited)
Volcano (visited)         Gauntlet (visited)

Altars:
Ashenzari
Cheibriados
Dithmenos
Elyvilon
Fedhas
Gozag
Hepliaklqana
Kikubaaqudgha
Makhleb
Nemelex Xobeh
Okawaru
Qazlal
Ru
Sif Muna
Trog
Uskayaw
Vehumet
Wu Jian
Xom
Yredelemnul
Zin
The Shining One
Lugonu

Shops:
D:5 [   D:12 (   Orc:1 :   Orc:2 [![

Portals:
Abyss: D:5 Lair:5

Annotations:
Lair:1 Casa
Spider:1 Kirke


Innate Abilities, Weirdness & Mutations

You have a pair of horns on your head.
You reflexively headbutt those who attack you in melee.


Message History

You feel dopey. The wolf spider hits you!! You block the wolf spider's attack.
You block the moth of wrath's attack.
You closely miss the moth of wrath. You headbutt the moth of wrath!
The moth of wrath is severely wounded.
You feel very sick. The wolf spider hits you!!
You block the wolf spider's attack.
The jumping spider leaps!
Something hits you.
You feel weakened. Something hits you but does no damage.
Something stings you but does no damage.
The wolf spider hits you!
* * * LOW HITPOINT WARNING * * *
You block the wolf spider's attack. You block the moth of wrath's attack.
You slice the moth of wrath!!
You kill the moth of wrath!
Okawaru accepts your kill.
A freezing mist starts to gather...
A moth of wrath simulacrum comes into view.
You feel sick. You block the wolf spider's attack. x2
You feel you are being watched by something.
Something hits you but does no damage. Something hits you!
* * * LOW HITPOINT WARNING * * *
You feel clumsy.
Something stings you but does no damage.
A pharaoh ant comes into view.
You block the wolf spider's attack. x2
Okay, then.
It was a potion of haste.
You feel yourself speed up.
You feel very sick.
The wolf spider hits you but does no damage.
You block the wolf spider's attack.
You feel you are being watched by something.
Something hits you.
* * * LOW HITPOINT WARNING * * *
Something hits you but does no damage. You block something's attack.
The culicivora simulacrum bites you!
* * * LOW HITPOINT WARNING * * *
The culicivora simulacrum freezes you! You resist.
You die...

......^#..#....
.....^........ ~
#..#...#.B^.##
..##.#).#.#.#....
#..~.........$..
#~.....#^>..#.#^
###?.Z#....^....
#~~.#{Z.(#....)
#..s@#.†....#
#≈###~~.##.##...
#≈≈~°.....
#####.......
....#... ...#..##
.#..... .....


You could see a wolf spider (berserk, soul bound), a pharaoh ant, a moth of
wrath simulacrum and a culicivora simulacrum.

Vanquished Creatures
  Nikola (Spider:1)
  Agnes (D:14)
  Frances (D:14)
  Roxanne (D:14)
  2 emperor scorpions
  2 orc warlords (Orc:1)
  The ghost of Hiywul the Fighter, a journeyman MiHu of Trog (Lair:4)
  A spark wasp (Spider:1)
  A minotaur (Gauntlet)
  A crystal guardian (D:12)
  2 entropy weavers (Spider:1)
  A vault guard (D:13)
  7 hydras
  A great orb of eyes (D:15)
  Harold (Lair:2)
  4 ogre magi (Orc:2)
  3 centaur warriors
  2 catoblepae (D:13)
  5 boulder beetles
  11 two-headed ogres
  11 death yaks
  2 tengu warriors
  A death scarab (Gauntlet)
  3 demonic crawlers
  7 orc high priests
  3 thrashing horrors (Lair:5)
  A sun demon (Volcano)
  A skyshark (Lair:3)
  A pharaoh ant (Spider:2)
  9 skeletal warriors
  A glowing orange brain (Gauntlet)
  A sun moth (Spider:2)
  3 orb spiders (Spider:2)
  A steelbarb worm (Spider:1)
  A lindwurm (Lair:5)
  2 bog bodies (IceCv)
  3 orc knights
  2 deep elf pyromancers
  A wolf spider (Spider:1)
  A necromancer (D:15)
  A deep elf zephyrmancer (D:15)
  3 orc sorcerers
  17 ugly things
  12 elephants (Lair:3)
  6 manticores
  A moth of wrath (Spider:2)
  8 cyclopes
  4 black mambas
  A black mamba (shapeshifter) (D:12)
  A water nymph (Lair:2)
  An ice statue (IceCv)
  4 torpor snails
  A molten gargoyle (Volcano)
  8 cane toads
  2 unseen horrors (D:12)
  A gargoyle (D:12)
  4 smoke demons (Lair:5)
  5 rime drakes
  3 komodo dragons
  An efreet (D:13)
  5 anaconda simulacra (IceCv)
  A centaur skeleton (D:15)
  3 freezing wraiths
  A tengu conjurer (D:15)
  Psyche (D:9)
  5 trolls
  The ghost of Computerfleisch the Covered, an amateur MiFi of Okawaru (D:5)
  A hornet (D:13)
  2 tarantellas (Spider:1)
  A raiju (Lair:5)
  35 blink frogs
  7 jumping spiders
  2 slime creatures (Gauntlet)
  2 spriggans (Lair:5)
  Sigmund (D:6)
  4 wraiths
  The ghost of mihai the Shield-Bearer, an amateur TrFi (D:4)
  A water elemental (D:12)
  2 centaur simulacra (D:15)
  A dire elephant simulacrum (IceCv)
  2 shadows
  4 ynoxinuls (Lair:5)
  5 wyverns
  7 culicivoras
  4 basilisks
  27 yaks
  3 hogs (Spider:1)
  7 redbacks
  5 fire bats (Volcano)
  14 wargs
  3 steam dragons
  A death yak simulacrum (IceCv)
  5 vampire mosquitoes
  A chaos spawn (Lair:5)
  A harpy simulacrum (IceCv)
  Edmund (D:4)
  3 acid dragons
  2 hell hounds (Volcano)
  5 water moccasins
  A spectral torpor snail (Gauntlet)
  A sky beast (D:7)
  2 ice beasts (D:7)
  21 orc warriors
  5 black bears
  5 centaurs
  12 ogres
  17 wolves
  3 phantoms
  14 bullfrogs
  2 kobold brigands
  2 scorpions (D:9)
  7 two-headed ogre simulacra (IceCv)
  2 gnoll sergeants
  9 small abominations (Lair:5)
  16 wights
  17 killer bees
  An elephant simulacrum (IceCv)
  3 electric eels
  6 howler monkeys
  4 jellies
  6 lava snakes (Volcano)
  A bombardier beetle (D:4)
  2 centaur zombies (D:8)
  5 hounds
  2 gnoll boudas
  33 orc priests
  2 iron imps (D:5)
  2 hell rats
  3 iguanas
  26 orc wizards
  3 polar bear simulacra (IceCv)
  10 troll simulacra (IceCv)
  2 killer bee zombies (D:8)
  5 spriggan simulacra (IceCv)
  A mummy (D:8)
  13 gnolls
  14 adders
  4 river rats (Sewer)
  4 naga simulacra (IceCv)
  7 white imps
  6 ufetubi
  4 ribbon worms
  3 dart slugs
  88 orcs
  13 bats
  2 endoplasms
  5 giant cockroaches
  2 goblins
  6 hobgoblins
  8 quokkas
  7 ball pythons
  4 frilled lizards
  12 kobolds
  8 rats
828 creatures vanquished.

Vanquished Creatures (others)
  An occultist (D:15)
  A cyclops (D:13)
  An unseen horror (D:12)
  An orc wizard (D:3)
  An ufetubus (IceCv)
5 creatures vanquished.

Grand Total: 833 creatures vanquished

Notes
Turn   | Place    | Note
-------+----------+-------------------------------------------
     0 | D:1      | Peloso the Minotaur Fighter began the quest for the Orb.
     0 | D:1      | Reached XP level 1. HP: 19/19 MP: 0/0
   324 | D:1      | Reached XP level 2. HP: 25/27 MP: 1/1
   567 | D:1      | Reached skill level 4 in Shields
  1314 | D:2      | Reached XP level 3. HP: 33/33 MP: 2/2
  1855 | D:2      | Found a faded altar of an unknown god.
  1933 | D:2      | Reached XP level 4. HP: 30/40 MP: 3/3
  2015 | D:3      | Reached XP level 5. HP: 46/46 MP: 4/4
  2127 | D:3      | Identified the +1 trident of the Everdark {freeze, *Slow
                  | rElec rPois Int+2}
  2368 | D:3      | Reached skill level 5 in Long Blades
  2505 | D:4      | Noticed Edmund
  2517 | D:4      | Killed Edmund
  2518 | D:4      | Reached skill level 5 in Armour
  2518 | D:4      | Reached XP level 6. HP: 28/53 MP: 5/5
  3043 | D:4      | Reached skill level 5 in Fighting
  3058 | D:4      | Reached XP level 7. HP: 19/61 MP: 6/6
  3300 | D:4      | Found a runed translucent gate.
  3300 | D:4      | Found a runed translucent gate.
  3301 | D:4      | Found a runed translucent gate.
  3301 | D:4      | Found an opulent altar of Gozag.
  3302 | D:4      | Noticed mihai's ghost (amateur TrFi)
  3431 | D:4      | Noticed a wyvern
  3442 | D:4      | Killed a wyvern
  3443 | D:4      | Reached skill level 1 in Dodging
  3443 | D:4      | Reached skill level 5 in Shields
  3588 | D:4      | Found a staircase to the Ecumenical Temple.
  3600 | Temple   | Entered the Ecumenical Temple
  3649 | Temple   | Became a worshipper of Warmaster Okawaru
  3874 | D:5      | Entered Level 5 of the Dungeon
  3874 | D:5      | Found Vyireem's Armour Shoppe.
  4094 | D:5      | Found a glowing drain.
  4117 | Sewer    | Entered a sewer
  4274 | Sewer    | Identified a scroll of acquirement
  4566 | D:5      | Reached XP level 8. HP: 57/70 MP: 7/7
  4652 | D:5      | Reached * piety under Okawaru
  4779 | D:5      | Noticed Computerfleisch's ghost (amateur MiFi)
  4785 | D:5      | Found a one-way gate to the infinite horrors of the Abyss.
  4788 | D:5      | Found a transporter.
  4816 | D:5      | Found a transporter.
  5267 | D:6      | Noticed Sigmund
  5365 | D:6      | Killed Sigmund
  5519 | D:6      | Reached skill level 6 in Shields
  5574 | D:6      | Reached ** piety under Okawaru
  5957 | D:6      | Reached XP level 9. HP: 69/78 MP: 8/8
  6731 | D:6      | Identified the +2 scale mail of Gestures {Harm *Corrode
                  | Will- Int+5}
  6749 | D:6      | Reached *** piety under Okawaru
  7460 | D:7      | Reached skill level 7 in Shields
  7797 | D:7      | Reached skill level 10 in Long Blades
  8223 | D:8      | Reached **** piety under Okawaru
  8224 | D:8      | Reached XP level 10. HP: 66/90 MP: 9/9
  8305 | D:8      | Noticed a two-headed ogre
  8343 | D:8      | Killed a two-headed ogre
  8344 | D:8      | Reached skill level 10 in Armour
  8344 | D:8      | Reached skill level 8 in Shields
  8593 | D:8      | Identified the +8 long sword of the Teaching Saviour
                  | {heavy, Int-3 Dex+3 SInv}
  8608 | D:8      | Noticed a two-headed ogre
  8615 | D:8      | Killed a two-headed ogre
  8883 | D:8      | Reached skill level 9 in Shields
  8890 | D:8      | Reached ***** piety under Okawaru
  8904 | D:8      | Received a gift from Okawaru
  9866 | D:9      | Noticed Psyche
  9870 | D:9      | Paralysed by something for 1 turns
  9897 | D:9      | Killed Psyche
 10118 | D:9      | Found the +11 Singing Sword {sonic wave}
 10515 | D:9      | Noticed a two-headed ogre
 10522 | D:9      | Killed a two-headed ogre
 10523 | D:9      | Reached XP level 11. HP: 79/99 MP: 10/10
 10786 | D:10     | Entered Level 10 of the Dungeon
 10803 | D:10     | Noticed a two-headed ogre
 10811 | D:10     | Killed a two-headed ogre
 10812 | D:10     | Reached skill level 10 in Shields
 11021 | D:10     | Found a staircase to the Lair.
 11171 | D:10     | Reached skill level 10 in Fighting
 11204 | D:10     | Found a shadowy altar of Dithmenos.
 11337 | D:10     | Noticed a two-headed ogre
 11344 | D:10     | Killed a two-headed ogre
 11344 | D:10     | Received a gift from Okawaru
 11811 | D:11     | Reached skill level 11 in Shields
 11823 | D:11     | Found a frozen archway.
 11842 | IceCv    | Entered an ice cave
 12229 | IceCv    | Received a gift from Okawaru
 12696 | IceCv    | Noticed a bog body
 12696 | IceCv    | Noticed a bog body
 12706 | IceCv    | Killed a bog body
 12706 | IceCv    | Killed a bog body
 12707 | IceCv    | Reached XP level 12. HP: 84/108 MP: 9/11
 13176 | D:11     | Received a gift from Okawaru
 13653 | D:11     | Noticed a two-headed ogre
 13658 | D:11     | Killed a two-headed ogre
 13659 | D:11     | Reached skill level 1 in Stealth
 13871 | D:11     | Reached skill level 12 in Shields
 14479 | Lair:1   | Entered Level 1 of the Lair of Beasts
 14603 | Lair:1   | Received a gift from Okawaru
 14857 | Lair:1   | Identified the +2 leather armour of Lifelessness {+Blink
                  | rF- Regen+ Str+3}
 15167 | Lair:2   | Noticed a death yak
 15167 | Lair:2   | Noticed a death yak
 15209 | Lair:2   | Killed a death yak
 15211 | Lair:2   | Killed a death yak
 15223 | Lair:2   | Reached skill level 15 in Long Blades
 15233 | Lair:2   | Received a gift from Okawaru
 15706 | Lair:2   | Noticed a death yak
 15707 | Lair:2   | Noticed a death yak
 15711 | Lair:2   | Reached skill level 13 in Shields
 15711 | Lair:2   | Reached ****** piety under Okawaru
 15715 | Lair:2   | Killed a death yak
 15720 | Lair:2   | Killed a death yak
 15721 | Lair:2   | Reached XP level 13. HP: 96/117 MP: 12/12
 15731 | Lair:2   | Noticed Harold
 15749 | Lair:2   | Killed Harold
 15755 | Lair:2   | HP: 5/117 [poisoned by a cane toad]
 15756 | Lair:2   | HP: 2/117 [poisoned by a cane toad]
 16101 | Lair:2   | Found a staircase to the Shoals.
 16611 | Lair:3   | Received a gift from Okawaru
 16677 | Lair:3   | Identified the +1 trident of the Revolution {pain, ^Fragile
                  | rElec rN+ Str+2}
 17236 | Lair:3   | Received a gift from Okawaru
 17253 | Lair:3   | Reached skill level 14 in Shields
 17583 | Lair:3   | Identified the maw talisman "Hero's Friend" {Dex+3}
 17616 | Lair:3   | Found a hole to the Spider Nest.
 18163 | D:12     | Found a staircase to the Orcish Mines.
 18172 | D:12     | Found Teaduukk's Weapon Shop.
 18752 | D:12     | Received a gift from Okawaru
 18756 | D:12     | Reached XP level 14. HP: 79/129 MP: 10/13
 18760 | D:12     | Reached skill level 15 in Shields
 19088 | D:12     | Received a gift from Okawaru
 19694 | Orc:1    | Entered Level 1 of the Orcish Mines
 19722 | Orc:1    | Noticed an orc warlord
 20091 | Orc:1    | Killed an orc warlord
 20465 | Orc:1    | Found an ornate altar of the Wu Jian Council.
 20466 | Orc:1    | Found a transporter.
 20509 | Orc:1    | Found a transporter.
 20516 | Orc:1    | Found a transporter.
 20561 | Orc:1    | Found Pocreir's Book Shoppe.
 20729 | Orc:1    | Found a transporter.
 20732 | Orc:1    | Found an ornate altar of the Wu Jian Council.
 20732 | Orc:1    | Noticed an orc warlord
 20832 | Orc:2    | Entered Level 2 of the Orcish Mines
 20998 | Orc:2    | Found a staircase to the Elven Halls.
 21037 | Orc:2    | Reached skill level 16 in Shields
 21079 | Orc:2    | Received a gift from Okawaru
 21127 | Orc:2    | Paralysed by something for 3 turns
 21448 | Orc:2    | Reached skill level 15 in Armour
 21626 | Orc:2    | Received a gift from Okawaru
 21648 | Orc:2    | Found Bejis's Armour Shop.
 21926 | Orc:2    | Found Rucafoisch's Armour Shop.
 21929 | Orc:2    | Found Kyetuif's Distillery.
 21980 | Orc:2    | Bought a potion of heal wounds for 65 gold pieces
 21980 | Orc:2    | Bought a potion of degeneration for 13 gold pieces
 22625 | Orc:1    | Killed an orc warlord
 22625 | Orc:1    | Received a gift from Okawaru
 23065 | D:4      | Killed mihai's ghost
 23157 | D:5      | Killed Computerfleisch's ghost
 23172 | D:5      | Got Lugonu's Compilation of Nonlocality
 23462 | Lair:4   | Found a transporter.
 23465 | Lair:4   | Noticed Hiywul's ghost (journeyman MiHu)
 23472 | Lair:4   | Found a dark tunnel.
 23483 | Volcano  | Entered a volcano
 23678 | Volcano  | Reached skill level 17 in Shields
 23843 | Volcano  | Found a radiant altar of Vehumet.
 24156 | Lair:4   | Found a transporter.
 24215 | Lair:4   | Received a gift from Okawaru
 24307 | Lair:4   | Found a staircase to the Slime Pits.
 24697 | Lair:4   | Reached XP level 15. HP: 139/139 MP: 11/14
 24713 | Lair:4   | Killed Hiywul's ghost
 24758 | Lair:5   | Entered Level 5 of the Lair of Beasts
 24804 | Lair:5   | Received a gift from Okawaru
 24823 | Lair:5   | Found a gate leading to a gauntlet.
 24846 | Gauntlet | Entered a Gauntlet
 24846 | Gauntlet | Found a transporter.
 24846 | Gauntlet | Found a runed translucent door.
 24846 | Gauntlet | Found a transporter.
 24848 | Gauntlet | Found a transporter.
 24848 | Gauntlet | Found a transporter.
 24850 | Gauntlet | Found a runed translucent door.
 24852 | Gauntlet | Found a transporter.
 24852 | Gauntlet | Found a transporter.
 24888 | Gauntlet | Found a transporter.
 24892 | Gauntlet | Found a transporter.
 24912 | Gauntlet | Found a transporter.
 24920 | Gauntlet | Found a transporter.
 24925 | Gauntlet | Found a transporter.
 24944 | Gauntlet | Found a transporter.
 24946 | Gauntlet | Found a runed translucent gate.
 24946 | Gauntlet | Found a runed translucent gate.
 24946 | Gauntlet | Found a runed translucent gate.
 24949 | Gauntlet | Found the +3 Mad Mage's Maulers {Infuse+∞ VampMP -Cast}
 25011 | Gauntlet | Identified the +1 ring mail "Wexe" {Int-3 Dex+7}
 25084 | Gauntlet | Identified the +1 cloak of Midnight {rC- Dex+5}
 25279 | Lair:5   | Reached skill level 15 in Fighting
 25646 | Lair:5   | Received a gift from Okawaru
 25721 | Lair:5   | Reached skill level 18 in Shields
 25726 | Lair:5   | Found a corrupted altar of Lugonu.
 27253 | D:13     | Received a gift from Okawaru
 27275 | D:13     | HP: 5/141 [cyclops (23)]
 27698 | D:13     | Found a gate to the Vaults.
 28028 | D:14     | Noticed Frances
 28039 | D:14     | Killed Frances
 28040 | D:14     | Reached skill level 1 in Invocations
 28159 | D:14     | Noticed Roxanne
 28181 | D:14     | Killed Roxanne
 28195 | D:14     | Received a gift from Okawaru
 28568 | D:14     | Noticed Agnes
 28577 | D:14     | Killed Agnes
 28978 | D:15     | Entered Level 15 of the Dungeon
 29016 | D:15     | Reached XP level 16. HP: 151/151 MP: 15/15
 29947 | D:15     | Reached skill level 19 in Shields
 30054 | D:15     | Paralysed by an orc sorcerer for 5 turns
 30426 | D:15     | Found a staircase to the Depths.
 30548 | D:15     | Received a gift from Okawaru
 32355 | Spider:1 | Entered Level 1 of the Spider Nest
 32732 | Spider:1 | Noticed Nikola
 32743 | Spider:1 | Killed Nikola
 33072 | Spider:1 | Noticed Kirke
 34977 | Orc:1    | You fall into a shaft and drop 1 floor!
 35259 | Spider:2 | Reached skill level 1 in Evocations
 35262 | Spider:2 | Received a gift from Okawaru
 35553 | Spider:2 | HP: 6/152 [culicivora simulacrum (7)]
 35553 | Spider:2 | Slain by a culicivora simulacrum

Illustrated notes

Levels and vault maps discovered:
D:1:      ldierk_walled_garden, layout_basic
D:2:      layout_basic, shapermc_ecumenical_altar_hornbeckon
D:3:      layout_basic, st_stairs_11, nicolae_grassy_gnolls
D:4:      layout_loops_corners, minmay_temple_entry_antechambers,
          ebering_ghost_gozag, minmay_manual_moon, uniq_edmund
D:5:      layout_layer_cave, serial_shops, shop, gammafunk_ghost_abyssal_escape,
          portal_sewer_entry_f, bh_walls_and_bars
D:6:      layout_layer_cave, uniq_sigmund
D:7:      layout_gridville
D:8:      layout_rooms, minmay_mini_ossuary
D:9:      old_forge, layout_loops_corners, minmay_misc_feat_nine_boxes,
          uniq_psyche
D:10:     wad_pebble_path, layout_loops_ring, nicolae_dithmenos_shadow_blocks,
          david_lair_generic
D:11:     layout_layer_cave, portal_ice_cave_entry_pillars_1
D:12:     minmay_connected_boxes_in_corner, layout_basic, orc_0_dummy,
          serial_shops, nicolae_shop_mannequins
D:13:     layout_basic, david_vaults_5
D:14:     layout_roguey, nicolae_kite_square_tiling_tiny, uniq_agnes,
          uniq_frances, uniq_roxanne
D:15:     grunt_enter_depths_magical_seal, layout_basic,
          nicolae_figureground_sparkle
Temple:   mainiacjoe_temple_hex_bubbles
Lair:1:   layout_misc_corridors, minivault_27, beast_lair_carwin_3,
          serial_bayou_shore_b, serial_bayou_shore_a
Lair:2:   layout_concentric_octagons, nicolae_shoals_entry_flooding,
          nicolae_lair_grazing_beasts [nicolae_sub_lair_graze_edge,
          nicolae_sub_lair_graze_edge, nicolae_sub_lair_graze_edge,
          nicolae_sub_lair_graze_edge], lemuel_fruit_tree, uniq_harold
Lair:3:   layout_cave_pods, spider_nest_entry_funnel_web
Lair:4:   layout_regular_city, slime_entry_1, enter_volcano_2,
          gammafunk_ghost_arena
Lair:5:   hellmonk_lair_end_abyssal_woods, layout_hall_layers,
          gauntlet_entry_generic, infiniplex_staircase_pool_2,
          grunt_megastairs_4
Spider:1: layout_chambers, uniq_nikola, uniq_kirke
Spider:2: layout_spider_delve
Orc:1:    dreamdust_wu_jian_sword_trials, layout_caves, serial_shops,
          nicolae_shop_hallway_plus
Orc:2:    st_orc_town, layout_diamond_mine, nicolae_orc_lost_temple

Skill      XL: |  1  2  3  4  5  6  7  8  9 10 11 12 13 14 15 16 |
---------------+-------------------------------------------------+-----
Shields        | 4 5 6 7 9 11 13 14 17 18 19 | 19.7
Long Blades    | 3 4 5 6 7 8 10 11 13 15 16 17 18 | 18.6
Armour         | 4 5 6 8 9 10 12 13 14 15 16 17 | 17.2
Fighting       | 4 5 6 8 9 10 11 13 14 15 16 | 16.5
Dodging        | 1 2 3 4 |  4.3
Stealth        | 1 2 |  2.2
Invocations    | 1 |  1.1
Evocations     | 1 |  1.5
Unarmed Combat | |  0.4

Action                     |  1- 3 |  4- 6 |  7- 9 | 10-12 | 13-15 | 16-18 || total
---------------------------+-------+-------+-------+-------+-------+-------++-------
  Melee: Long sword        |    87 |   114 |   398 |   222 |       |       ||   821
         Headbutt          |    17 |    24 |    71 |    85 |   223 |    50 ||   470
         Unarmed           |       |       |       |     9 |       |       ||     9
         Double sword      |       |       |       |   208 |   933 |   207 ||  1348
 Invoke: Heroism           |       |       |       |     3 |     9 |     3 ||    15
  Evoke: Wand              |       |       |       |       |       |    22 ||    22
    Use: Potion            |     2 |       |     1 |     3 |     6 |     3 ||    15
         Scroll            |       |     2 |     7 |     7 |     9 |     3 ||    28
   Stab: Petrified         |       |       |       |       |     2 |       ||     2
 Armour: Scale mail        |    46 |       |       |       |       |       ||    46
         Chain mail        |    14 |    79 |    65 |       |       |       ||   158
         Plate armour      |       |       |   275 |   343 |   576 |   204 ||  1398
         Skin              |       |       |       |    22 |       |     1 ||    23
  Dodge: Dodged            |    42 |    43 |   111 |    90 |   135 |    55 ||   476
  Block: Buckler           |    25 |    24 |    73 |       |       |       ||   122
         Kite shield       |       |       |   118 |   239 |       |       ||   357
         Tower shield      |       |       |       |   160 |  1042 |   344 ||  1546
